 Dungeon Crawl Stone Soup version 0.30-a0-377-g5cb311b (webtiles) character file.

Game seed: 966988108480507463

278180 Dorkslayer the Severer (level 20, -6/170 HPs)
             Began as a Hill Orc Fighter on Nov 24, 2022.
             Was an Initiate of Gozag.
             Killed from afar by a starcursed mass (8 damage)
             ... with an accursed screaming
             ... on level 3 of the Abyss on Nov 27, 2022.
             The game lasted 03:15:53 (42448 turns).

Dorkslayer the Severer (Hill Orc Fighter)          Turns: 42448, Time: 03:15:53

Health: -6/170     AC: 28    Str: 39      XL:     20   Next: 41%
Magic:  20/20      EV: 14    Int:  7 (8)  God:    Gozag
Gold:   2094       SH: 19    Dex: 13 (14) Spells: 19/19 levels left

rFire   + . .      SeeInvis .    Z - +7 Singing Sword {vorpal, sonic wave}
rCold   + . .      Faith    .    e - +5 kite shield {reflect}
rNeg    . . .      Spirit   .    G - +4 plate armour {rF+}
rPois   +          Reflect  +    g - +2 hat of Twilight {*Slow rPois rC+ Str+3}
rElec   .          Harm     .    t - +2 cloak {Stlth+}
rCorr   .          Rampage  +    S - +2 pair of gloves {Dex+3}
Will    +....                    n - +2 pair of boots {rampage}
Stlth   ..........               x - amulet of Ynoipac {Fragile Regen+ Str+2 Int+3}
HPRegen 1.28/turn                s - +4 ring of evasion
MPRegen 0.17/turn                q - +6 ring of strength

@: about to teleport, gold aura, studying 2 skills, unable to drink
A: robust 1, strong 1, [deformed body], [deterioration 2], [dopey 2], [frail 2],
[inability to drink after injury 1]
}: 2/15 runes: barnacled, gossamer
a: Renounce Religion, Potion Petition, Call Merchant, Bribe Branch


You were on level 3 of the Abyss.
You worshipped Gozag.
Gozag was most pleased with you.
You visited 7 branches of the dungeon, and saw 33 of its levels.
You visited the Abyss 1 time.
You visited 1 bazaar.
You also visited: Ossuary, Gauntlet, Ice Cave and Volcano.

You collected 14579 gold pieces.
You spent 8110 gold pieces at shops.
You paid 4375 gold pieces to Gozag.

Inventory:

Hand Weapons
 b - the +7 shortbow of Keemuaja {drain, Str+3}
   (You bought it in a shop on level 2 of the Orcish Mines)

   A truly terrible weapon, it drains the life of any living foe it strikes.
   Str:       It affects your strength (+3).
 o - a +4 scimitar of flaming
 Q - a +5 demon trident of freezing
 Z - the +7 Singing Sword (weapon) {vorpal, sonic wave}
   (You found it in an ice cave)

   It inflicts extra damage upon your enemies.
   It radiates damaging sonic waves as it strikes, especially in combat
   involving dangerous or numerous foes.
Missiles
 i - 7 silver javelins (quivered)
 l - 3 throwing nets
 E - 18 javelins
 O - 27 boomerangs
 V - 5 boomerangs of dispersal
Armour
 e - a +5 kite shield of reflection (worn)
 g - the +2 hat of Twilight (worn) {*Slow rPois rC+ Str+3}
   (You found it on level 9 of the Dungeon)

   Str:       It affects your strength (+3).
   rC:        It protects you from cold.
   rPois:     It protects you from poison.
   *Slow:     It may slow you when you take damage.
 n - a +2 pair of boots of rampaging (worn)
 t - a +2 cloak of stealth (worn)
 G - a +4 plate armour of fire resistance (worn)
 S - a +2 pair of gloves of dexterity (worn)
Jewellery
 q - a +6 ring of strength (right hand)
 s - a +4 ring of evasion (left hand)
 x - the amulet of Ynoipac (around neck) {Fragile Regen+ Str+2 Int+3}
   (You found it on level 3 of the Spider Nest)

   [amulet of regeneration]

   Str:       It affects your strength (+2).
   Int:       It affects your intelligence (+3).
   Regen:     It increases your rate of health regeneration.
   Fragile:   It will be destroyed if unequipped.
 D - the ring of Fyrirituo {rF+ rN+ MP+9}
   (You found it in a Gauntlet)

   [ring of protection from fire]

   rF:        It protects you from fire.
   rN:        It protects you from negative energy.
   MP:        It affects your magic capacity (+9).
 U - an amulet of reflection
Wands
 a - a wand of charming (8)
 d - a wand of mindburst (28)
 j - a wand of iceblast (16)
 k - a wand of digging (8)
 r - a wand of polymorph (6)
 C - a wand of flame (38)
Scrolls
 c - 3 scrolls of magic mapping
 v - 6 scrolls of teleportation
 w - 4 scrolls of amnesia
 y - 11 scrolls of fog
 A - 5 scrolls of immolation
 J - 15 scrolls of identify
 L - 6 scrolls of poison
 P - a scroll of summoning
 X - 4 scrolls of blinking
Potions
 h - 4 potions of mutation
 m - 6 potions of ambrosia
 p - 4 potions of lignification
 u - 3 potions of brilliance
 z - 3 potions of flight
 B - 2 potions of magic
 H - a potion of cancellation
 N - 7 potions of curing
Miscellaneous
 F - a phantom mirror
 K - a tin of tremorstones (1/2)
 R - a phial of floods
 T - a lightning rod (3/4)
 W - a condenser vane (inert)


   Skills:
 * Level 18.9 Fighting
 * Level 13.4 Long Blades
 - Level 19.6 Axes
 + Level 8.3 Ranged Weapons
 + Level 5.1 Throwing
 + Level 14.7 Armour
 * Level 5.3 Dodging
 + Level 5.2 Stealth
 * Level 17.5 Shields
 + Level 1.1 Unarmed Combat
 * Level 14.1 Evocations


You had 19 spell levels left.
You didn't know any spells.
Your spell library contained the following spells:

 Spells                   Type           Power      Damage    Failure   Level
 Freeze                   Ice            0%         1d3       95%         1
 Shock                    Conj/Air       0%         1d3       95%         1
 Sting                    Tmut/Pois      0%         1d3       95%         1
 Cigotuvi's Dreadful Rot  Necr/Pois/Air  0%         N/A       99%         2
 Poisonous Vapours        Pois/Air       0%         N/A       99%         2
 Sublimation of Blood     Necr           0%         N/A       99%         2
 Frozen Ramparts          Ice            0%         1d1       100%        3
 Gell's Gravitas          Tloc           0%         N/A       100%        3
 Hailstorm                Conj/Ice       0%         3d3       100%        3
 Ignite Poison            Fire/Tmut/Pois 0%         N/A       100%        3
 Kindle Blastsparks       Fire/Tloc/Air  0%         2d10      100%        3
 Lesser Beckoning         Tloc           0%         N/A       100%        3
 Swiftness                Air            0%         N/A       100%        3
 Teleport Other           Tloc           0%         N/A       100%        3
 Airstrike                Air            0%         2d(0-16)  100%        4
 Dispel Undead            Necr           0%         3d6       100%        4
 Fulminant Prism          Conj/Hex       0%         3d5       100%        4
 Iskenderun's Mystic Bla  Conj/Tloc      0%         2d3       100%        4
 Olgreb's Toxic Radiance  Pois           0%         N/A       100%        4
 Petrify                  Tmut/Erth      0%         N/A       100%        4
 Alistair's Intoxication  Tmut/Pois      0%         N/A       100%        5
 Borgnjor's Vile Clutch   Necr/Erth      0%         N/A       100%        5
 Freezing Cloud           Conj/Ice/Air   0%         6-21      100%        5
 Irradiate                Conj/Tmut      0%         3d11      100%        5
 Lee's Rapid Deconstruct  Erth           0%         3d4*      100%        5
 Metabolic Englaciation   Hex/Ice        0%         N/A       100%        5
 Yara's Violent Unravell  Hex/Tmut       0%         3d3       100%        5
 Death Channel            Necr           0%         N/A       100%        6
 Dispersal                Tloc           0%         N/A       100%        6
 Eringya's Noxious Bog    Tmut/Pois      0%         N/A       100%        6
 Statue Form              Tmut/Erth      0%         N/A       100%        6
 Enfeeble                 Hex            0%         N/A       100%        7
 Haunt                    Necr/Summ      0%         N/A       100%        7
 Infestation              Necr           0%         N/A       100%        8
 Polar Vortex             Ice            0%         N/A       100%        9
 Animate Dead             Necr           Unusable   N/A       N/A         4
 Simulacrum               Ice/Necr       Unusable   N/A       N/A         6

Dungeon Overview and Level Annotations

Branches:
Dungeon (15/15)            Temple (1/1) D:7            Lair (5/5) D:11
 Shoals (4/4) Lair:2       Spider (4/4) Lair:3        Slime (0/5) Lair:5
    Orc (2/2) D:12            Elf (0/3) Orc:2        Vaults (2/5) D:13
  Crypt (0/3) Vaults:2     Depths (0/4) D:15        Ossuary (visited)
  IceCv (visited)         Volcano (visited)         Gauntlet (visited)

Altars:
Ashenzari
Dithmenos
Fedhas
Gozag
Hepliaklqana
Kikubaaqudgha
Okawaru
Sif Muna
Trog
Uskayaw
Vehumet
Yredelemnul
Zin
The Shining One
Beogh
Jiyva
Lugonu

Shops:
D:5 *   Orc:1 **   Orc:2 =(**   Lair:5 [?[   Shoals:2 *   Shoals:4 *
Spider:3 *=   Vaults:2 [

Portals:
Abyss: Lair:5
Pandemonium: Orc:2
Trove: D:15 (show abyssal rune of Zot)

Annotations:
Vaults:2 exclusion: orange crystal statue


Innate Abilities, Weirdness & Mutations

You are robust. (+10% HP)
Your muscles are strong. (Str +4, Int/Dex -1)
[Armour fits poorly on your strangely shaped body.]
[Your body often deteriorates upon taking damage.]
[You are very dopey. (Int -4)]
[You are very frail. (-20% HP)]
[You occasionally lose the ability to drink potions when taking damage.]


Message History

* * * LOW HITPOINT WARNING * * *
You hear some strange, mumbled words.
A shard of ice appears from out of thin air!
Your +5 kite shield of reflection reflects the shard of ice!
The shard of ice hits something!
Reactivating autopickup.
You feel a bit more experienced.
You feel the corruption within you wane somewhat.
You lose the ability to drink potions when taking damage less often.
Your urge to scream lessens.
You feel robust.
Your urge to shout disappears.
As you read the scroll of teleportation, it crumbles to dust.
You feel strangely unstable.
You feel the power of the Abyss delaying your translocation!
You cannot drink potions in your current state!
The wretched star is distracted by your dazzling golden aura.
Things that are here:
8 gold pieces; a +0 dire flail; a +0 cloak The wretched star is no longer distracted by gold.
A thrashing horror comes into view.
The thrashing horror roars!
There is an open door here.
You barely miss the thrashing horror.
You block the thrashing horror's attack.
The thrashing horror completely misses you.
The thrashing horror tramples you!
* * * LOW HITPOINT WARNING * * *
You hold your ground!
You block the thrashing horror's attack.
The wretched star glows turbulently.
The lance of force hits you.
* * * LOW HITPOINT WARNING * * *
You are knocked back by the lance of force.
A raiju comes into view.
Unknown command.
The raiju barks!
You hear a bark!
The raiju is distracted by your dazzling golden aura.
A raiju comes into view.
The starcursed mass shrieks in your mind.
You die...
Your body crumbles into a pile of gold.

. ##
.#########
.##.........
#.#.........
......#...
.X...h..h
#....#
##@...#
#.....#
#.#....#
####X...#
#.ยงยง....#
#.....#
#.#'#..
.#..#...
##...#....


You could see a starcursed mass, a thrashing horror and 2 raiju.

Vanquished Creatures
  Bai Suzhen (Shoals:3)
  Arachne (Spider:2)
  A tentacled monstrosity (Vaults:1)
  Mlioglotl (Shoals:1)
  Polyphemus (Shoals:1)
  Kirke (Shoals:2)
  Roxanne (Shoals:3)
  A draconian knight (Abyss:3)
  Ilsuiw (Shoals:2)
  5 vault wardens (Vaults:2)
  8 emperor scorpions
  A frost giant (Shoals:4)
  A curse skull (Vaults:2)
  4 ironbound preservers
  3 orc warlords
  6 ghost moths
  4 very ugly things
  4 broodmothers
  An ironbound thunderhulk (Vaults:1)
  4 dire elephants (Vaults:1)
  A minotaur (Gauntlet)
  2 blizzard demons (IceCv)
  11 merfolk impalers
  5 merfolk javelineers
  An ettin (D:15)
  A spectral kraken (Shoals:3)
  2 yaktaur captains (Vaults:1)
  A fire dragon (Volcano)
  2 great orbs of eyes
  5 entropy weavers
  3 hydras
  4 vault guards (Vaults:2)
  9 centaur warriors
  2 demonspawn (Orc:2)
  A jorogumo (Spider:3)
  2 catoblepae
  5 ironbound frosthearts
  2 ghost crabs (Shoals:3)
  2 alligator snapping turtles
  4 merfolk aquamancers (Shoals:4)
  4 merfolk avatars
  6 two-headed ogres
  8 boulder beetles
  3 satyrs
  A death knight (D:14)
  Urug (Lair:2)
  9 death yaks
  3 orc high priests (Orc:2)
  3 thrashing horrors (Lair:5)
  A wretched star (Abyss:2)
  7 pharaoh ants
  A sun moth (Spider:1)
  9 sea snakes
  5 orb spiders
  18 deep trolls
  11 steelbarb worms
  12 orc knights
  8 spriggan simulacra (IceCv)
  Pikel (D:6)
  An obsidian statue (IceCv)
  5 wizards
  13 harpies
  A deep elf pyromancer (D:15)
  3 ironbound convokers
  20 wolf spiders
  7 lindwurms
  2 necromancers
  8 orc sorcerers (Orc:2)
  3 large abominations (Lair:5)
  9 fauns
  3 cyclopes
  17 manticores
  16 ugly things
  2 moths of wrath
  17 elephants
  2 human skeletons (Vaults:2)
  13 merfolk sirens
  8 vault sentinels
  3 water nymphs
  5 smoke demons
  3 black mambas
  13 cane toads
  7 torpor snails
  A spectral sea snake (Shoals:3)
  16 demonic crawlers
  2 rime drakes
  3 gargoyles
  3 freezing wraiths
  An efreet (D:13)
  8 komodo dragons
  22 yaktaurs
  An unseen horror (D:11)
  3 kobold demonologists
  A tengu conjurer (D:15)
  2 ancient zymes (Lair:5)
  7 ice devils (IceCv)
  3 anaconda simulacra (IceCv)
  A golden dragon simulacrum (IceCv)
  A spectral merfolk (Shoals:3)
  A red devil (Orc:2)
  9 trolls
  A queen bee (shapeshifter) (Lair:5)
  A meliai (shapeshifter) (D:15)
  31 merfolk
  3 meliai (Spider:3)
  4 polar bears
  A tengu simulacrum (Vaults:2)
  7 wind drakes
  A wolf spider simulacrum (D:14)
  10 slime creatures
  9 small abominations (Lair:5)
  23 tarantellas
  16 blink frogs
  13 snapping turtles
  Grinder (D:6)
  15 dream sheep
  38 jumping spiders
  27 culicivoras
  7 basilisks
  2 shadows (D:11)
  6 water elementals
  A vampire (D:13)
  7 wraiths
  2 wyverns
  4 ynoxinuls
  58 yaks
  3 steam dragons
  A chaos spawn (Lair:5)
  54 redbacks
  4 wargs
  2 harpy simulacra (IceCv)
  2 acid dragons
  4 minotaur simulacra (IceCv)
  2 hydra simulacra (IceCv)
  2 hell hounds (Volcano)
  16 water moccasins
  A spectral snapping turtle (Shoals:3)
  A floating eye (D:9)
  A sky beast (D:7)
  36 orc warriors
  2 alligator simulacra (IceCv)
  4 black bears
  3 ice beasts
  5 ogres
  An ettin simulacrum (IceCv)
  5 wolves (Lair:5)
  10 centaurs
  3 lemures (D:6)
  2 phantoms
  4 kobold brigands
  18 bullfrogs
  4 necrophages
  8 deep troll simulacra (IceCv)
  A wight (D:9)
  3 killer bees (D:9)
  4 lindwurm simulacra (IceCv)
  3 jellies
  13 howler monkeys
  5 electric eels
  3 hounds
  3 gnoll boudas
  3 iguanas
  32 orc priests
  Jessica (D:2)
  Natasha (thrice) (D:3)
  19 orc wizards
  Terence (D:2)
  8 mummies (Ossuary)
  Robin (D:2)
  16 gnolls
  4 adders
  2 river rats (D:11)
  A shadow imp (D:6)
  3 white imps
  3 ufetubi
  2 worms (D:2)
  2 dart slugs
  83 orcs
  2 ball pythons (D:1)
  10 bats
  11 endoplasms
  7 giant cockroaches
  14 goblins
  9 hobgoblins
  4 jackals (D:4)
  6 quokkas
  3 frilled lizards
  2 hobgoblin zombies (Ossuary)
  33 kobolds
  3 kobold zombies (Ossuary)
  3 orc zombies (Ossuary)
  4 rats
1308 creatures vanquished.

Vanquished Creatures (collateral kills)
  A frost giant (Shoals:4)
  The ghost of Dega the Marksspriggan, a journeyman SpHu of Hepliaklqana (Orc:2)
  A merfolk impaler (Shoals:4)
  2 two-headed ogres (Orc:2)
  An alligator snapping turtle (Shoals:4)
  A death yak (D:11)
  A sea snake (Shoals:4)
  An orc knight (Orc:2)
  A manticore (Shoals:4)
  3 merfolk (Shoals:4)
  A wind drake (Shoals:4)
  A redback (Spider:2)
  An orc wizard (D:11)
  3 river rats (D:11)
  3 orcs (D:11)
  3 quokkas (D:11)
25 creatures vanquished.

Vanquished Creatures (others)
  A fenstrider witch (Shoals:1)
  3 manticores
  3 hogs (Shoals:2)
  A human (Shoals:2)
  A redback (Spider:2)
  4 orc warriors
  A wolf (Lair:5)
  2 orc wizards
  2 orcs
  21 fungi
  209 plants
  5 tentacles (Shoals:3)
  7 withered plants (Shoals:3)
260 creatures vanquished.

Grand Total: 1593 creatures vanquished

Notes
Turn   | Place    | Note
-------+----------+-------------------------------------------
     0 | D:1      | Dorkslayer the Hill Orc Fighter began the quest for the
                  | Orb.
     0 | D:1      | Reached XP level 1. HP: 19/19 MP: 1/1
    60 | D:1      | Reached XP level 2. HP: 27/27 MP: 2/2
   195 | D:1      | Reached skill level 3 in Axes
   204 | D:1      | Reached XP level 3. HP: 30/33 MP: 3/3
   574 | D:2      | Noticed Terence
   586 | D:2      | Killed Terence
   587 | D:2      | Reached skill level 4 in Axes
   587 | D:2      | Reached XP level 4. HP: 36/40 MP: 4/4
   625 | D:2      | Noticed Robin
   642 | D:2      | Killed Robin
   923 | D:2      | Noticed Jessica
   934 | D:2      | Killed Jessica
   935 | D:2      | Reached skill level 1 in Dodging
   935 | D:2      | Reached XP level 5. HP: 35/47 MP: 5/5
  1301 | D:3      | Noticed Natasha
  1309 | D:3      | Killed Natasha
  1310 | D:3      | Reached skill level 5 in Axes
  1383 | D:3      | Noticed Natasha
  1391 | D:3      | Killed Natasha
  1406 | D:3      | Noticed Natasha
  1420 | D:3      | Killed Natasha
  1421 | D:3      | Reached skill level 6 in Axes
  1421 | D:3      | Reached XP level 6. HP: 29/53 MP: 6/6
  1564 | D:3      | Found a shadowy altar of Dithmenos.
  1725 | D:3      | Reached skill level 1 in Evocations
  1835 | D:3      | Found a glowing golden altar of the Shining One.
  2057 | D:4      | Reached skill level 5 in Fighting
  2113 | D:4      | Noticed a black bear
  2118 | D:4      | Killed a black bear
  2119 | D:4      | Reached XP level 7. HP: 54/61 MP: 7/7
  2586 | D:4      | Reached skill level 7 in Axes
  2887 | D:5      | Entered Level 5 of the Dungeon
  2973 | D:5      | Found a hide-covered altar of Uskayaw.
  3203 | D:5      | Reached skill level 8 in Axes
  3203 | D:5      | Reached skill level 5 in Armour
  3203 | D:5      | Reached XP level 8. HP: 62/70 MP: 8/8
  3204 | D:5      | Found Maonudu's Overcharged Wands.
  3871 | D:6      | Noticed Pikel
  3922 | D:6      | Killed Pikel
  3923 | D:6      | Reached skill level 9 in Axes
  4171 | D:6      | Reached XP level 9. HP: 30/78 MP: 9/9
  4400 | D:6      | Noticed Grinder
  4412 | D:6      | Killed Grinder
  4413 | D:6      | Reached skill level 10 in Axes
  5181 | D:7      | Reached skill level 5 in Evocations
  5373 | D:7      | Found a staircase to the Ecumenical Temple.
  5390 | Temple   | Entered the Ecumenical Temple
  5396 | Temple   | Became a worshipper of Gozag Ym Sagoz the Greedy
  5619 | D:7      | Reached skill level 11 in Axes
  5930 | D:8      | Reached skill level 5 in Shields
  5930 | D:8      | Reached XP level 10. HP: 46/88 MP: 10/10
  5990 | D:8      | Found a sand-covered staircase.
  6002 | Ossuary  | Entered an ossuary
  6802 | D:8      | Found a glowing silver altar of Zin.
  6802 | D:8      | Noticed an angel
  6960 | D:8      | Found a blossoming altar of Fedhas.
  7238 | D:9      | Found a bloodstained altar of Trog.
  7239 | D:9      | Found a basalt altar of Yredelemnul.
  7255 | D:9      | Identified the +2 hat of Twilight {*Slow rPois rC+ Str+3}
  7347 | D:9      | Found a shimmering blue altar of Sif Muna.
  7433 | D:9      | Reached skill level 12 in Axes
  7713 | D:9      | Reached skill level 1 in Stealth
  7740 | D:9      | Noticed a two-headed ogre
  7755 | D:9      | Killed a two-headed ogre
  7756 | D:9      | Reached XP level 11. HP: 42/97 MP: 11/11
  7758 | D:9      | Reached skill level 13 in Axes
  8267 | D:9      | Found a hazy altar of Hepliaklqana.
  8603 | D:10     | Entered Level 10 of the Dungeon
  9311 | D:10     | Reached skill level 14 in Axes
  9712 | D:11     | Noticed a centaur warrior
  9725 | D:11     | Killed a centaur warrior
  9985 | D:11     | Found a staircase to the Lair.
  9989 | D:11     | Noticed a death yak
  9994 | D:11     | Noticed a death yak
  9994 | D:11     | Noticed a death yak
 10003 | D:11     | Killed a death yak
 10004 | D:11     | Reached skill level 10 in Fighting
 10007 | D:11     | Killed a death yak
 10013 | D:11     | Killed a death yak
 10014 | D:11     | Reached XP level 12. HP: 94/106 MP: 12/12
 10166 | D:11     | Noticed a two-headed ogre
 10173 | D:11     | Killed a two-headed ogre
 10174 | D:11     | Reached skill level 15 in Axes
 10584 | D:11     | Noticed a two-headed ogre
 10594 | D:11     | Killed a two-headed ogre
 10772 | D:5      | Bought a wand of light (18) for 1134 gold pieces
 10772 | D:5      | Bought a wand of flame (40) for 420 gold pieces
 11175 | D:12     | Noticed a centaur warrior
 11182 | D:12     | Killed a centaur warrior
 11183 | D:12     | Reached skill level 1 in Throwing
 11598 | D:12     | Reached skill level 16 in Axes
 12106 | D:12     | Found a staircase to the Orcish Mines.
 12143 | Orc:1    | Entered Level 1 of the Orcish Mines
 12143 | Orc:1    | Found Diclemuh's General Store.
 12147 | Orc:1    | Bought a potion of might for 56 gold pieces
 12147 | Orc:1    | Bought a wand of flame (10) for 98 gold pieces
 12147 | Orc:1    | Bought a scroll of identify for 28 gold pieces
 12147 | Orc:1    | Bought a scroll of poison for 56 gold pieces
 12147 | Orc:1    | Bought a scroll of teleportation for 42 gold pieces
 12222 | Orc:1    | Found a roughly hewn altar of Beogh.
 12233 | Orc:1    | Noticed an orc warlord
 12283 | Orc:1    | Killed an orc warlord
 12465 | Orc:1    | Found a dark tunnel.
 12471 | Volcano  | Entered a volcano
 12488 | Volcano  | Reached XP level 13. HP: 55/116 MP: 13/13
 12588 | Volcano  | Reached skill level 10 in Armour
 12615 | Volcano  | Noticed a fire dragon
 12627 | Volcano  | Killed a fire dragon
 13156 | Orc:1    | Found Cafi's General Store.
 13170 | Orc:1    | Bought a scroll of magic mapping for 112 gold pieces
 13170 | Orc:1    | Bought 2 potions of might for 120 gold pieces
 13272 | Orc:2    | Entered Level 2 of the Orcish Mines
 13272 | Orc:2    | Found a staircase to the Elven Halls.
 13421 | Orc:2    | Reached skill level 10 in Evocations
 13669 | Orc:2    | Found a transporter.
 13903 | Orc:2    | Found Fiaqet's General Store.
 14203 | Orc:2    | Found Jeorhae's General Store.
 14450 | Orc:2    | Paralysed by an orc sorcerer for 5 turns
 14654 | Orc:2    | Bought a potion of ambrosia for 80 gold pieces
 14656 | Orc:2    | Bought a potion of heal wounds for 80 gold pieces
 14656 | Orc:2    | Bought a wand of mindburst (9) for 201 gold pieces
 14656 | Orc:2    | Bought a scroll of immolation for 64 gold pieces
 14715 | Orc:2    | Paralysed by an orc sorcerer for 5 turns
 15143 | Orc:2    | Reached skill level 17 in Axes
 15411 | Orc:2    | Reached XP level 14. HP: 108/126 MP: 14/14
 15455 | Orc:2    | Found Defeips's Jewellery Emporium.
 15455 | Orc:2    | Found a one-way gate leading to the halls of Pandemonium.
 15455 | Orc:2    | Found Konucani's Antique Weapon Shoppe.
 15469 | Orc:2    | Bought a +6 ring of strength for 432 gold pieces
 15469 | Orc:2    | Bought an amulet of the acrobat for 360 gold pieces
 15482 | Orc:2    | Bought a slimy shortbow for 240 gold pieces
 15482 | Orc:2    | Identified the +7 shortbow of Keemuaja {drain, Str+3} (You
                  | bought it in a shop on level 2 of the Orcish Mines)
 15558 | Orc:2    | Noticed Dega's ghost (journeyman SpHu)
 15627 | Orc:2    | Found a transporter.
 15649 | Orc:2    | Reached skill level 1 in Ranged Weapons
 15666 | Orc:2    | Killed Dega's ghost
 16566 | D:13     | Found a transporter.
 16568 | D:13     | Found a transporter.
 16572 | D:13     | Found a transporter.
 16683 | D:13     | Found a gate to the Vaults.
 16880 | D:13     | Found a transporter.
 16895 | D:13     | Reached skill level 1 in Long Blades
 18182 | D:14     | Found a blossoming altar of Fedhas.
 18511 | D:15     | Entered Level 15 of the Dungeon
 18784 | D:15     | Identified the +2 robe "Weif" {*Slow rC+ Dex+8}
 19466 | D:15     | Found a staircase to the Depths.
 19523 | D:15     | Found a portal to a secret trove of treasure.
 19981 | Lair:1   | Entered Level 1 of the Lair of Beasts
 20133 | Lair:1   | You fall into a shaft and drop 1 floor!
 20139 | Lair:2   | Reached XP level 15. HP: 136/136 MP: 15/15
 20172 | Lair:2   | Found a staircase to the Shoals.
 20369 | Lair:2   | Noticed Urug
 20384 | Lair:2   | Killed Urug
 20385 | Lair:2   | Reached skill level 5 in Long Blades
 20555 | Lair:2   | Found a gate leading to a gauntlet.
 20564 | Gauntlet | Entered a Gauntlet
 20564 | Gauntlet | Found a transporter.
 20571 | Gauntlet | Found a transporter.
 20573 | Gauntlet | Found a transporter.
 20589 | Gauntlet | Found a transporter.
 20591 | Gauntlet | Found a transporter.
 20597 | Gauntlet | Found a runed translucent gate.
 20597 | Gauntlet | Found a runed translucent gate.
 20600 | Gauntlet | Found a runed translucent gate.
 20600 | Gauntlet | Found a transporter.
 20616 | Gauntlet | Found a transporter.
 20626 | Gauntlet | Found a transporter.
 20636 | Gauntlet | Found a transporter.
 20650 | Gauntlet | Found a transporter.
 20657 | Gauntlet | Found a runed translucent door.
 20659 | Gauntlet | Found a transporter.
 20662 | Gauntlet | Found a runed translucent door.
 20663 | Gauntlet | Found a transporter.
 20839 | Gauntlet | Found a transporter.
 20905 | Gauntlet | Paralysed by a great orb of eyes for 5 turns
 20914 | Gauntlet | Reached skill level 18 in Axes
 20924 | Gauntlet | Identified the ring of Fyrirituo {rF+ rN+ MP+9}
 22372 | Lair:3   | Found a hole to the Spider Nest.
 22841 | Lair:4   | Reached skill level 5 in Ranged Weapons
 23473 | Lair:4   | Identified the -1 buckler "Jubluzuo" {Dex+2}
 23672 | Lair:5   | Entered Level 5 of the Lair of Beasts
 23864 | Lair:5   | Found a viscous altar of Jiyva.
 23864 | Lair:5   | Found a staircase to the Slime Pits.
 23882 | Lair:5   | Reached skill level 10 in Shields
 24205 | Lair:5   | Found the +7 Spriggan's Knife {stab, EV+4 Stlth+}
 24262 | Lair:5   | Reached XP level 16. HP: 90/146 MP: 16/16
 24287 | Lair:5   | Found a corrupted altar of Lugonu.
 24287 | Lair:5   | Found a one-way gate to the infinite horrors of the Abyss.
 24304 | Lair:5   | Identified the amulet of Vutru {Spirit Will+}
 25392 | Lair:5   | Bought a shiny plate armour for 442 gold pieces
 25392 | Lair:5   | Bought an embroidered cloak for 127 gold pieces
 25432 | Lair:5   | Bought a pair of glowing boots for 195 gold pieces
 25432 | Lair:5   | Bought a glowing plate armour for 676 gold pieces
 25432 | Lair:5   | Bought a runed kite shield for 195 gold pieces
 25475 | Lair:5   | Bought a scroll of magic mapping for 142 gold pieces
 25475 | Lair:5   | Bought a scroll of magic mapping for 142 gold pieces
 25475 | Lair:5   | Bought a scroll of blinking for 142 gold pieces
 25475 | Lair:5   | Bought a scroll of teleportation for 57 gold pieces
 25569 | Shoals:1 | Entered Level 1 of the Shoals
 25863 | Shoals:1 | Noticed Mlioglotl
 25878 | Shoals:1 | Killed Mlioglotl
 26635 | Shoals:1 | Noticed a fenstrider witch
 26657 | Shoals:1 | Killed a fenstrider witch
 27245 | Shoals:2 | Noticed Kirke
 27248 | Shoals:2 | Noticed Polyphemus
 27584 | Shoals:1 | Killed Polyphemus
 27781 | Shoals:2 | Killed Kirke
 28112 | Shoals:2 | Noticed Ilsuiw
 28279 | Shoals:2 | Reached skill level 1 in Unarmed Combat
 28295 | Shoals:2 | Killed Ilsuiw
 28605 | Shoals:2 | Found Heac's CLEARANCE SALE!.
 28624 | Shoals:2 | Bought a scroll of enchant armour for 45 gold pieces
 28817 | Shoals:2 | Reached XP level 17. HP: 82/154 MP: 17/17
 29055 | Shoals:3 | Noticed Bai Suzhen
 29085 | Shoals:3 | Killed Bai Suzhen
 29112 | Shoals:3 | Upgraded the game from 0.30-a0-374-g95c0257 to
                  | 0.30-a0-377-g5cb311b
 29315 | Shoals:3 | Noticed Roxanne
 29337 | Shoals:3 | Killed Roxanne
 29382 | Shoals:3 | Reached skill level 19 in Axes
 29514 | Shoals:3 | Reached skill level 15 in Fighting
 30010 | Shoals:4 | Entered Level 4 of the Shoals
 31514 | Shoals:4 | Found Toofucei's Gadget Gallery.
 31540 | Shoals:4 | Bought a wand of flame (8) for 106 gold pieces
 31540 | Shoals:4 | Bought a wand of flame (14) for 186 gold pieces
 31540 | Shoals:4 | Bought a wand of flame (11) for 146 gold pieces
 31540 | Shoals:4 | Bought a tin of tremorstones (2/2) for 760 gold pieces
 31540 | Shoals:4 | Bought a wand of digging (4) for 319 gold pieces
 32189 | Shoals:4 | Got a barnacled rune of Zot
 32389 | Shoals:4 | Reached skill level 5 in Stealth
 32678 | Shoals:4 | Reached XP level 18. HP: 163/163 MP: 18/18
 32893 | Spider:1 | Entered Level 1 of the Spider Nest
 33918 | Spider:2 | Reached skill level 15 in Shields
 34035 | Spider:2 | Noticed Arachne
 34056 | Spider:2 | Killed Arachne
 35113 | Spider:3 | Reached skill level 10 in Long Blades
 35135 | Spider:3 | Found a frozen archway.
 35139 | IceCv    | Entered an ice cave
 36547 | IceCv    | Found the +8 frozen axe "Frostbite" {freezing cloud, *Noise
                  | Fly rC+}
 36550 | IceCv    | Found the +7 Singing Sword {vorpal, sonic wave}
 36610 | Spider:3 | Reached XP level 19. HP: 88/177 MP: 19/19
 37597 | Spider:3 | Identified the amulet of Ynoipac {Fragile Regen+ Str+2
                  | Int+3}
 37671 | Spider:3 | Bought a potion of ambrosia for 120 gold pieces
 37676 | Spider:4 | Entered Level 4 of the Spider Nest
 37678 | Spider:4 | Identified the +1 chain mail of Focus {Drain rElec Will+++
                  | Str+3}
 37994 | Spider:3 | Gained mutation: [You are frail. (-10% HP)] [potion of
                  | mutation]
 37994 | Spider:3 | Gained mutation: Potions are less effective at restoring
                  | your health. [potion of mutation]
 37994 | Spider:3 | Gained mutation: Your mind is acute. (Int +4, Str/Dex -1)
                  | [potion of mutation]
 37995 | Spider:3 | Lost mutation: [You are frail. (-10% HP)] [potion of
                  | mutation]
 37995 | Spider:3 | Lost mutation: Your mind is acute. (Int +4, Str/Dex -1)
                  | [potion of mutation]
 37995 | Spider:3 | Lost mutation: Potions are less effective at restoring your
                  | health. [potion of mutation]
 37995 | Spider:3 | Gained mutation: You occasionally shout uncontrollably at
                  | your foes. [potion of mutation]
 37995 | Spider:3 | Gained mutation: [You occasionally lose the ability to
                  | drink potions when taking damage.] [potion of mutation]
 37996 | Spider:3 | Lost mutation: You occasionally shout uncontrollably at
                  | your foes. [potion of mutation]
 37996 | Spider:3 | Lost mutation: [You occasionally lose the ability to drink
                  | potions when taking damage.] [potion of mutation]
 37996 | Spider:3 | Gained mutation: Your muscles are strong. (Str +4, Int/Dex
                  | -1) [potion of mutation]
 37996 | Spider:3 | Gained mutation: You are robust. (+10% HP) [potion of
                  | mutation]
 39389 | Spider:4 | Got a gossamer rune of Zot
 39695 | Vaults:1 | Entered Level 1 of the Vaults
 39843 | Vaults:1 | Found a flickering gateway to a bazaar.
 39852 | Bazaar   | Entered a bazaar
 39914 | Bazaar   | Found Botzing's Jewellery Emporium.
 39935 | Bazaar   | Found Qihacair's Armour Shoppe.
 39935 | Bazaar   | Found Azah's Assorted Antiques.
 39946 | Bazaar   | Bought a scroll of teleportation for 81 gold pieces
 39946 | Bazaar   | Bought a scroll of enchant armour for 202 gold pieces
 39946 | Bazaar   | Bought a potion of might for 108 gold pieces
 39946 | Bazaar   | Bought a scroll of blinking for 202 gold pieces
 39946 | Bazaar   | Bought a wand of iceblast (3) for 194 gold pieces
 39957 | Bazaar   | Found Wuup Vez's Antique Weapon Shoppe.
 39957 | Bazaar   | Found Vuxuigg's Assorted Antiques.
 40681 | Vaults:1 | Noticed a tentacled monstrosity
 40697 | Vaults:1 | Killed a tentacled monstrosity
 41441 | Vaults:2 | Reached XP level 20. HP: 192/207 MP: 20/20
 41555 | Vaults:2 | Reached skill level 5 in Dodging
 41578 | Vaults:2 | Reached skill level 5 in Throwing
 42012 | Vaults:2 | Found Ythehezi's Armour Emporium.
 42028 | Vaults:2 | Found a staircase to the Crypt.
 42247 | Abyss:2  | Cast into level 2 of the Abyss (a wizard)
 42346 | Abyss:3  | Paralysed by accursed screaming for 2 turns
 42437 | Abyss:3  | HP: 2/151 [something/shard of ice (22)]
 42447 | Abyss:3  | HP: 5/170 [thrashing horror (10)]
 42447 | Abyss:3  | HP: 1/170 [wretched star/lance of force (4)]
 42448 | Abyss:3  | Killed from afar by a starcursed mass

Illustrated notes

Levels and vault maps discovered:
D:1:      roderic_chinese_lattice_arrival, layout_rooms
D:2:      layout_rooms, minmay_worlds_worst_comb, uniq_robin, uniq_jessica,
          uniq_terence
D:3:      minmay_evil_eye, layout_rooms, mainiacjoe_overflow_tiny_flanked,
          tso_altar, cheibrodos_gnoll_hut, uniq_natasha
D:4:      layout_gridville
D:5:      layout_loops_ring, mainiacjoe_overflow_surrounded_room,
          nicolae_shop_overcharged_wands
D:6:      layout_gridville, uniq_grinder, uniq_pikel
D:7:      layout_loops_ring, minmay_temple_entry_arrows
D:8:      layout_gridville, mainiacjoe_overflow_boulevard, zin_angel,
          nicolae_ossuary_entry_ruins
D:9:      layout_layer_cave, mainiacjoe_overflow_six_doors_small,
          old_standard_altar, gammafunk_temple_overflow_statue,
          onia_ninara_cookie
D:10:     layout_roguey
D:11:     layout_long_grid, dpeg_lair_monsters
D:12:     layout_stronghold, erik_orc_2, minivault_1
D:13:     layout_layer_cave, david_vaults_1, nicolae_transporter_circle
D:14:     layout_basic, minmay_tree_intersection, fedhas_altar_fruit_tree
D:15:     hangedman_depths_entry_civil_slaughter, layout_loops_ring,
          chequers_serial_rivers_micro_a, nicolae_trove_entry_crossroad,
          minivault_14, minivault_25_ag, minivault_16
Temple:   compressed_dpeg_triangle_lava_temple
Lair:1:   layout_big_grid
Lair:2:   layout_cave_pods, minmay_shoals_entry_centaurs,
          gauntlet_entry_generic, uniq_urug
Lair:3:   layout_hall_layers, spider_nest_entry_web_field, grunt_megastairs_4,
          lemuel_fruit_fields, serial_bayou_shore_b
Lair:4:   layout_gridlike, chequers_serial_rivers_micro_e, grunt_megastairs_5
Lair:5:   hellmonk_lair_end_abyssal_woods, layout_regular_city,
          nicolae_slime_entry_slimehenge, serial_forest,
          infiniplex_forest_lined_2, infiniplex_forest_clump_diagonal,
          infiniplex_forest_clump_small, infiniplex_forest_lined_room_2,
          infiniplex_forest_lined_3, infiniplex_forest_corner_1
Shoals:1: layout_shoals, nicolae_shoals_beach_house_on_fowls_legs,
          uniq_mlioglotl
Shoals:2: layout_shoals, nicolae_shop_clearance, uniq_kirke, uniq_polyphemus,
          uniq_ilsuiw
Shoals:3: layout_shoals, nicolae_shoals_spectral_cove, uniq_bai_suzhen,
          uniq_roxanne
Shoals:4: shoals_end_grunt_ice, layout_shoals, nicolae_shop_gadgets
Spider:1: layout_spider_delve
Spider:2: layout_spider_delve, nicolae_crawler_farm, uniq_arachne
Spider:3: layout_spider_delve, portal_ice_cave_entry_pillars_2
Spider:4: grunt_spider_rune_circles
Orc:1:    layout_caves, enter_volcano_4, serial_shops,
          nicolae_shop_competitors_out_of_business, shop, mines1_david
Orc:2:    pf_orc_diabolical, layout_caves, gammafunk_ghost_smash
Vaults:1: vaults_room_glass_cross, ontoclasm_vaults_gateway,
          ontoclasm_vaults_ring_large, v_misc_16, grunt_vaults_diagonal,
          hangedman_vaults_slice, hangedman_vaults_stretched_pinwheel,
          grunt_vaults_hallway_short, v_alt_pattern_3,
          hangedman_vaults_variations, nicolae_vaults_three_branches, v_misc_30,
          layout_vaults_omnibox, serial_shops, bzr_firewalk
Vaults:2: nicolae_vaults_statue_guard, v_misc_5, vaults_room_boxed,
          nicolae_vaults_theta, v_misc_22, nicolae_vaults_theta,
          nicolae_vaults_little_squares_6, nicolae_vaults_little_squares_4,
          minmay_crypt_entry_simple_box, grunt_vaults_swirl,
          ontoclasm_vaults_ligature, nicolae_vaults_little_ls,
          vaults_dpeg_hooks, nicolae_vaults_little_squares_3, vaults_dpeg_ring,
          nicolae_vaults_little_squares_6, layout_vaults_omnicross,
          serial_shops, nicolae_shop_crystal
Abyss:3:  base: D:8, minivault_23, evilmike_abyss_exit_9, hangedman_eye_storm,
          minivault_23

Skill      XL: |  1  2  3  4  5  6  7  8  9 10 11 12 13 14 15 16 17 18 19 20 |
---------------+-------------------------------------------------------------+-----
Fighting       | 4 5 6 7 9 10 11 12 13 14 15 17 18 | 18.9
Axes           | 3 4 6 8 9 11 12 14 16 17 18 19 | 19.6
Dodging        | 1 2 3 4 5 |  5.3
Evocations     | 1 2 4 5 6 8 9 10 11 12 13 14 | 14.1
Armour         | 4 5 7 8 9 11 12 13 14 | 14.7
Shields        | 4 5 6 7 8 10 12 14 16 17 | 17.5
Stealth        | 1 2 3 4 5 |  5.2
Throwing       | 1 3 4 5 |  5.1
Ranged Weapons | 4 5 6 7 8 |  8.3
Long Blades    | 4 6 8 9 10 12 13 | 13.4
Unarmed Combat | 1 |  1.1

Action                   |  1- 3 |  4- 6 |  7- 9 | 10-12 | 13-15 | 16-18 | 19-21 || total
-------------------------+-------+-------+-------+-------+-------+-------+-------++-------
Melee: War axe           |    77 |   149 |   232 |   645 |  1023 |  1580 |       ||  3706
       Scimitar          |       |       |       |       |    27 |    15 |       ||    42
       Unarmed           |       |       |       |       |       |    18 |       ||    18
       Double sword      |       |       |       |       |       |    23 |   811 ||   834
 Fire: Shortbow          |       |       |       |       |     1 |       |       ||     1
Throw: Javelin           |       |       |     5 |    17 |    35 |     1 |    48 ||   106
       Throwing net      |       |       |       |     2 |     2 |       |       ||     4
       Dart              |       |       |       |     2 |    16 |     3 |       ||    21
       Boomerang         |       |       |       |       |    14 |    59 |     3 ||    76
Invok: Call Merchant     |       |       |       |       |       |     3 |     2 ||     5
Evoke: Wand              |       |       |       |    28 |    29 |    90 |       ||   147
       Phantom mirror    |       |       |       |     1 |     3 |       |     1 ||     5
       Condenser vane    |       |       |       |       |     1 |     9 |     3 ||    13
       Lightning rod     |       |       |       |       |       |    18 |    11 ||    29
       Phial of floods   |       |       |       |       |       |     2 |     2 ||     4
       Tin of tremorston |       |       |       |       |       |     3 |     6 ||     9
  Use: Potion            |       |     1 |     4 |     8 |    13 |     8 |    18 ||    52
       Scroll            |       |       |    13 |     7 |    14 |    19 |    13 ||    66
 Stab: Invisible         |       |       |       |    12 |     1 |     2 |       ||    15
       Held in net/web   |       |       |       |     2 |     2 |       |       ||     4
       Distracted        |       |       |       |     4 |     7 |    22 |     6 ||    39
Armor: Scale mail        |    50 |    24 |       |       |       |       |       ||    74
       Chain mail        |       |    90 |   143 |    28 |     1 |       |       ||   262
       Skin              |       |       |     7 |       |       |       |       ||     7
       Plate armour      |       |       |       |   149 |   404 |   607 |   596 ||  1756
Dodge: Dodged            |    47 |    65 |    91 |   299 |   490 |   479 |   461 ||  1932
Block: Buckler           |    22 |    45 |    65 |   115 |   168 |       |       ||   415
       Kite shield       |       |       |       |       |   220 |  1534 |   939 ||  2693
       Reflection        |       |       |       |       |       |    74 |    26 ||   100
       Other             |       |       |       |       |       |     1 |       ||     1

Table legend: (Time is in decaauts)
 A = Elapsed time spent in this place.
 B = Non-inter-level travel time spent in this place.
 C = Inter-level travel time spent in this place.
 D = Time resting spent in this place.
 E = Time spent auto-exploring this place.
 F = Levels seen in this place.
 G = Mean time per level.
                   A        B        C        D        E       F      G
               +--------+--------+--------+--------+--------+-----+--------+
         Total |  42565 |  41898 |    667 |   8135 |  11875 |  40 | 1064.1 |
       Dungeon |  15837 |  15449 |    388 |    407 |   8577 |  15 | 1055.8 |
        Temple |     12 |     12 |      0 |      0 |      0 |   1 |   12.0 |
          Lair |   5056 |   4779 |    277 |     18 |   2097 |   5 | 1011.2 |
        Shoals |   7615 |   7615 |      0 |   3092 |    123 |   4 | 1903.8 |
   Spider Nest |   5104 |   5104 |      0 |   1855 |    146 |   4 | 1276.0 |
  Orcish Mines |   3230 |   3230 |      0 |   1104 |    256 |   2 | 1615.0 |
        Vaults |   2319 |   2319 |      0 |    233 |    624 |   2 | 1159.5 |
         Abyss |    197 |    197 |      0 |      0 |      0 |   2 |   98.5 |
        Bazaar |    240 |    240 |      0 |    148 |      0 |   1 |  240.0 |
       Ossuary |    420 |    420 |      0 |     93 |     51 |   1 |  420.0 |
      Ice Cave |   1425 |   1425 |      0 |    834 |      0 |   1 | 1425.0 |
       Volcano |    492 |    492 |      0 |    198 |      0 |   1 |  492.0 |
      Gauntlet |    612 |    612 |      0 |    152 |      0 |   1 |  612.0 |
               +--------+--------+--------+--------+--------+-----+--------+

Top non-repeatable levels by time:
Shoals:1: 2465 daAuts
Shoals:4: 2341 daAuts
   Orc:2: 2338 daAuts
  Lair:5: 1787 daAuts
Shoals:3: 1527 daAuts
Spider:3: 1474 daAuts
Spider:4: 1472 daAuts
   IceCv: 1425 daAuts
     D:6: 1407 daAuts
     D:9: 1404 daAuts
    D:12: 1348 daAuts
Vaults:1: 1347 daAuts
    D:15: 1346 daAuts
    D:13: 1296 daAuts
Shoals:2: 1280 daAuts
